 Dungeon Crawl Stone Soup version 0.32-a0-132-g2d33c3cfaf (webtiles) character file.

Game seed: 9957347364461955156

3 Dittersdorf the Shield-Bearer (level 1, -10/14 HPs)
             Began as a Gargoyle Fighter on Feb 9, 2024.
             Mangled by a goblin
             ... wielding a +0 spear of distortion
              (18 damage)
             ... on level 1 of the Dungeon.
             The game lasted 00:00:03 (24 turns).

Dittersdorf the Shield-Bearer (Gargoyle Fighter)      Turns: 24, Time: 00:00:03

Health: -10/14     AC:  9    Str: 19    XL:     1   Next: 50%
Magic:  1/1        EV:  9    Int:  8    God:
Gold:   0          SH:  4    Dex:  9    Spells: 0/0 levels left

rFire   . . .        a - +0 flail
rCold   . . .        c - +0 buckler
rNeg    + . .        b - +0 scale mail
rPois   ∞            (no helmet)
rElec   +            (no cloak)
rCorr   .            (no gloves)
SInv    .            (no boots)
Will    .....        (no amulet) Stlth
                     (no ring)
HPRegen 0.22/turn    (no ring)
MPRegen 0.07/turn

%: no passive effects
@: no status effects
A: sickness immunity, AC +2, negative energy resistance 1, electricity
resistance, torment resistance 1, petrification resistance
a: no special abilities


You were on level 1 of the Dungeon.
You visited 1 branch of the dungeon, and saw 1 of its levels.

Inventory:

Hand Weapons
 a - a +0 flail (weapon)
Armour
 b - a +0 scale mail (worn)
 c - a +0 buckler (worn)
Potions
 d - a potion of might


   Skills:
 + Level 3.3 Fighting
 + Level 2.0 Maces & Flails
 + Level 3.3 Armour
 + Level 3.3 Shields


You couldn't memorise any spells.
You didn't know any spells.
Your spell library was empty.

Dungeon Overview and Level Annotations

Branches:
Dungeon (1/15)

Altars:


Innate Abilities, Weirdness & Mutations

You are immune to sickness and miasma.
Your stone body is resilient. (AC +2)
You are immune to poison.
You resist negative energy. (rN+)
You are resistant to electric shocks. (rElec)
You are resistant to unholy torment.
You are immune to petrification.


Message History

Welcome, Dittersdorf the Gargoyle Fighter.
It is said that the Orb of Zot exists deep within this dungeon.
Press ? for a list of commands and other information.
Found a staircase leading out of the dungeon.
You enter the shallow water.
Moving in this stuff is going to be slow.
A kobold comes into view. It is wielding a +0 short sword.
Found a stone staircase leading down.
The kobold shouts!
You hear a loud squeak.
A rat comes into view.
The rat squeaks loudly.
An endoplasm comes into view.
The kobold hits you but does no damage.
You closely miss the kobold.
A kobold comes into view. It is wielding a +0 short sword.
You block the kobold's attack.
The kobold shouts!
You sock the kobold!
You kill the kobold!
You sock the rat!
You kill the rat!
Found a club.
A goblin comes into view.
It is wielding a +0 spear of distortion.
Found 4 stones.
The endoplasm closely misses you.
You sock the endoplasm!
You kill the endoplasm!
The kobold barely misses you. You block the kobold's attack.
You closely miss the kobold.
The kobold hits you with a +0 short sword.
You miss the kobold.
The kobold hits you with a +0 short sword.
You closely miss the kobold. The kobold barely misses you.
The goblin hits you but does no damage. Space warps around you.
The goblin completely misses you. The kobold hits you but does no damage.
You barely miss the kobold. The kobold hits you but does no damage.
The goblin hits you from afar with a +0 spear of distortion.
Space warps horribly around you!!
Ouch! That really hurt!
You die...

. ..#####
.......
.......#+##
......>...#
..........#
.)...gK@..#
.........)#
.......#†.##
.......##..##
....... ##..###
(......####...#
...........##..#
#####......#
#....
###.......##
#....


You could see a goblin and a kobold.

Vanquished Creatures
  An endoplasm (D:1)
  A kobold (D:1)
  A rat (D:1)
3 creatures vanquished.

Notes
Turn   | Place    | Note
-------+----------+-------------------------------------------
     0 | D:1      | Dittersdorf the Gargoyle Fighter began the quest for the
                  | Orb.
     0 | D:1      | Reached XP level 1. HP: 14/14 MP: 1/1
    24 | D:1      | Mangled by a goblin

Illustrated notes

Levels and vault maps discovered:
D:1:      reono_arrival_forest_river, layout_basic,
          minmay_misc_feat_more_columns

Action                     || total
---------------------------++-------
  Melee: Flail             ||     8
 Armour: Scale mail        ||     7
  Dodge: Dodged            ||     4
  Block: Buckler           ||     2

Table legend: (Time is in decaauts)
 A = Elapsed time spent in this place.
 B = Non-inter-level travel time spent in this place.
 C = Inter-level travel time spent in this place.
 D = Time resting spent in this place.
 E = Time spent auto-exploring this place.
 F = Levels seen in this place.
 G = Mean time per level.
                   A        B        C        D        E       F      G
               +--------+--------+--------+--------+--------+-----+--------+
         Total |     29 |     29 |      0 |      0 |     14 |   1 |   29.0 |
       Dungeon |     29 |     29 |      0 |      0 |     14 |   1 |   29.0 |
               +--------+--------+--------+--------+--------+-----+--------+

Top non-repeatable levels by time:
     D:1: 29 daAuts
